 Dungeon Crawl Stone Soup version 0.28-a0-21-gf74fda84f9 (webtiles) character file.

Game seed: 810105435809552300

19463 pokeman the Eclecticist (level 12, 0/68 HPs)
             Began as a Deep Elf Hedge Wizard on July 25, 2021.
             Was a Priest of Vehumet.
             Killed from afar by an ogre mage (45 damage)
             ... with a bolt of magma
             ... on level 13 of the Dungeon on July 26, 2021.
             The game lasted 00:53:47 (17068 turns).

pokeman the Eclecticist (Deep Elf Hedge Wizard)    Turns: 17068, Time: 00:53:47

Health: 0/68       AC: 14    Str: 13    XL:     12   Next: 36%
Magic:  32/34      EV: 13    Int: 31    God:    Vehumet [***...]
Gold:   683        SH:  5    Dex: 14    Spells: 31/43 levels left

rFire   . . .      SeeInvis .   F - +8 glaive of the Guard {elec, spectral, AC+5}
rCold   . . .      Faith    .   (shield currently unavailable)
rNeg    . . .      Spirit   .   I - +0 steam dragon scales
rPois   .          Reflect  +   u - +0 helmet
rElec   .          Harm     .   (no cloak)
rCorr   .          Rampage  .   c - +1 pair of gloves
Will    +....                   (no boots)
Stlth   ++........              K - amulet of reflection
HPRegen 0.21/turn               o - +6 ring of strength
MPRegen 0.24/turn               M - +6 ring of intelligence

@: no status effects
A: no striking features
a: Renounce Religion


You were on level 13 of the Dungeon.
You worshipped Vehumet.
Vehumet was most pleased with you.
You visited 2 branches of the dungeon, and saw 14 of its levels.
You also visited: Sewer and Bailey.

You collected 812 gold pieces.
You spent 129 gold pieces at shops.

Inventory:

Hand Weapons
 B - a +0 arbalest
 F - the +8 glaive of the Guard (weapon) {elec, spectral, AC+5}
   (You found it in a bailey)

   It occasionally discharges a powerful burst of electricity upon striking a
   foe.
   When it strikes, its spirit leaps out and fights alongside the wielder.
   AC:        It affects your AC (+5).
Missiles
 n - 253 bolts
Armour
 c - a +1 pair of gloves (worn)
 u - a +0 helmet (worn)
 I - +0 steam dragon scales (worn)
Jewellery
 o - a +6 ring of strength (left hand)
 K - an amulet of reflection (around neck)
 L - a ring of protection from fire
 M - a +6 ring of intelligence (right hand)
Wands
 Q - a wand of iceblast (15)
Scrolls
 b - a scroll of magic mapping
 h - 2 scrolls of acquirement {unknown}
 i - a scroll of fog {unknown}
 k - 2 scrolls of blinking {unknown}
 m - 11 scrolls of identify
 p - a scroll of brand weapon {unknown}
 q - 3 scrolls of summoning {unknown}
 t - 5 scrolls of amnesia {unknown}
 C - 2 scrolls of enchant armour {unknown}
 J - 3 scrolls of teleportation {unknown}
Potions
 d - a potion of attraction {unknown}
 e - 2 potions of curing
 g - 2 potions of invisibility {unknown}
 j - a potion of cancellation {unknown}
 r - 3 potions of heal wounds
 A - a potion of magic {unknown}
 G - a potion of flight {unknown}
 R - a potion of haste {unknown}
 S - 2 potions of lignification {unknown}
 V - 2 potions of brilliance {unknown}


   Skills:
 - Level 5.0 Fighting
 + Level 5.5 Armour
 - Level 3.0 Dodging
 - Level 3.1 Stealth
 * Level 16.4 Spellcasting
 + Level 10.1 Conjurations
 - Level 1.1 Summonings
 - Level 1.1 Translocations
 + Level 9.7 Fire Magic
 - Level 1.4 Air Magic
 - Level 1.1 Earth Magic
 - Level 1.0 Poison Magic
 - Level 1.0 Evocations


You had 31 spell levels left.
You knew the following spells:

 Your Spells              Type           Power      Damage    Failure   Level
a - Magic Dart            Conj           100%       1d8       1%          1
b - Mephitic Cloud        Conj/Pois/Air  50%        N/A       1%          3
c - Call Imp              Summ           32%        N/A       1%          2
d - Blink                 Tloc           N/A        N/A       1%          2
e - Conjure Flame         Conj/Fire      72%        6-21      1%          3
f - Foxfire               Conj/Fire      100%       2x1d9     1%          1

Your spell library contained the following spells:

 Spells                   Type           Power      Damage    Failure   Level
 Fulminant Prism          Conj/Hex       27%        3d14      1%          4
 Animate Skeleton         Necr           50%        N/A       1%          1
 Freeze                   Ice            100%       1d11      1%          1
 Pain                     Necr           100%       1d9       1%          1
 Dazzling Flash           Conj/Hex       100%       N/A       1%          3
 Frozen Ramparts          Ice            50%        1d7       1%          3
 Ignite Poison            Fire/Tmut/Pois 47%        N/A       1%          3
 Hailstorm                Conj/Ice       54%        3d12      1%          4
 Sticky Flame             Conj/Fire      72%        2d9       1%          4
 Slow                     Hex            25%        N/A       2%          2
 Confusing Touch          Hex            25%        N/A       4%          3
 Vampiric Draining        Necr           12%        2d7       4%          3
 Yara's Violent Unravell  Hex/Tmut       12%        3d7       13%         5
 Manifold Assault         Tloc           32%        N/A       30%         5
 Silence                  Hex/Air        14%        N/A       34%         5
 Agony                    Necr           25%        N/A       43%         5
 Storm Form               Tmut/Air       14%        N/A       100%        7


Dungeon Overview and Level Annotations

Branches:
Dungeon (13/15)            Temple (1/1) D:5            Lair (0/6) D:9
    Orc (0/2) D:10          Sewer (visited)          Bailey (visited)
 Vaults: D:13-14

Altars:
Ashenzari
Cheibriados
Dithmenos
Elyvilon
Fedhas
Gozag
Kikubaaqudgha
Makhleb
Nemelex Xobeh
Okawaru
Qazlal
Ru
Sif Muna
Trog
Uskayaw
Vehumet
Wu Jian
Xom
Yredelemnul
Zin

Shops:
D:7 *   D:10 (!*   D:12 :

Portals:
Trove: D:10 (give +4 shadow dragon scales)

Annotations:
D:11 1 runed translucent door, Nausicaa's ghost, journeyman MiBe


Message History

Unknown command.
The ogre mage seems less confused.
The ogre mage is engulfed in noxious fumes.
The ogre mage appears confused.
The ogre mage cries.
The ogre mage hits you from afar with a +0 spear.
Reach: F) +8 glaive of the Guard {elec, spectral, AC+5}
Press: ? - help, Dir - move target, f - ogre mage, p - ogre mage
Aim: an ogre mage, wielding a +0 spear and wearing a +0 robe (about 26% to evade the +8 glaive of the Guard)
You reach to attack!
You slash the ogre mage!
The ogre mage is moderately wounded.
Your spectral +8 glaive of the Guard {elec, spectral, AC+5} hits the ogre mage from afar!!
You hear the faint crackling of a melting archway very nearby.
You hear a shout!
The ogre mage is engulfed in noxious fumes.
The ogre mage appears confused.
The ogre mage barely misses your spectral +8 glaive of the Guard {elec, spectral, AC+5}.
The ogre mage is engulfed in noxious fumes.
The ogre mage appears confused.
The ogre mage completely misses your spectral +8 glaive of the Guard {elec, spectral, AC+5}.
Reach: F) +8 glaive of the Guard {elec, spectral, AC+5}
Press: ? - help, Dir - move target, f/p - ogre mage
Aim: an ogre mage, wielding a +0 spear and wearing a +0 robe (severely wounded, about 26% to evade the +8 glaive of the Guard)
You reach to attack!
You completely miss the ogre mage.
The ogre mage is severely wounded.
Your spectral +8 glaive of the Guard {elec, spectral, AC+5} barely misses the ogre mage.
The ogre mage hits you but does no damage.
A deep elf archer comes into view. It is wielding a +0 short sword.
Unknown command.
Reach: F) +8 glaive of the Guard {elec, spectral, AC+5}
Press: ? - help, Dir - move target, f/p - ogre mage
Aim: an ogre mage, wielding a +0 spear and wearing a +0 robe (severely wounded, about 26% to evade the +8 glaive of the Guard)
You reach to attack!
You barely miss the ogre mage.
The ogre mage is severely wounded.
Your spectral +8 glaive of the Guard {elec, spectral, AC+5} hits the ogre mage from afar.
The ogre mage hits you from afar with a +0 spear.
The ogre mage gestures at you while chanting.
The bolt of magma hits you!!!
Ouch! That really hurt!
You die...

*,,.......,* *,.........*
**.$......#### *,...........####
*,........(.....#*
*,.........<###..#** ***
*,....<.....##*#...#****,,
*,.....)..)..#..>.....,,,,
**......(@..O..#*#####,,,,
*********#........##.°...,,,,,,,,
,,,,,,,,,.#.#..O.........,,,,,,,,
,,,,,,,>,,#,#.e#.......##*******,
,,,,,,,,,,,....#.......#*,,***,,,
,,,,,,,,,,#.##.##.....##,,,,*,,,,
,,,,,,,,,,#<*#,*###.###,,,,,*,,,,
*********,.,**,**,,..,,,,*,,,,,,,
*,,,,,,,*,,,,,,,,,*,,*,,,,


You could see 2 ogre magi, a deep elf archer (repels missiles) and a friendly
spectral +8 glaive of the Guard {elec, spectral, AC+5} (summoned).

Vanquished Creatures
  Snorg (D:10)
  A boulder beetle (D:12)
  Erica (D:9)
  A centaur warrior (D:13)
  6 two-headed ogres
  5 skeletal warriors (D:12)
  An orc knight (Bailey)
  2 cyclopes (D:12)
  A manticore (D:10)
  2 gargoyles
  An unseen horror (D:13)
  A troll (D:11)
  Grinder (D:5)
  A hornet (D:8)
  Sigmund (D:5)
  3 shadows
  3 wraiths
  8 yaks (D:9)
  A steam dragon (D:7)
  3 vampire mosquitoes (D:12)
  Edmund (D:4)
  An acid dragon (D:12)
  2 water moccasins
  13 orc warriors
  A hornet zombie (D:8)
  A sky beast (D:6)
  A swamp drake (D:10)
  An ice beast (D:8)
  2 black bears
  An ogre (D:5)
  10 centaurs
  4 kobold brigands
  A bullfrog (D:7)
  A gnoll sergeant (D:11)
  2 scorpions (D:5)
  A water moccasin skeleton (D:6)
  A howler monkey (D:9)
  2 bullfrog zombies
  A centaur zombie (D:9)
  7 orc priests
  3 bullfrog skeletons
  2 jellies
  A centaur skeleton (D:5)
  2 iguanas
  8 orc wizards
  A howler monkey zombie (D:6)
  3 gnolls (D:11)
  7 adders
  A shadow imp (D:7)
  A white imp (D:8)
  An ufetubus (D:5)
  An adder skeleton (D:4)
  7 worms
  4 dart slugs
  54 orcs
  10 ball pythons
  3 bats
  10 endoplasms
  2 giant cockroaches
  7 goblins
  6 hobgoblins
  8 jackals
  30 kobolds
  8 quokkas
  3 frilled lizards
  8 rats
289 creatures vanquished.

Vanquished Creatures (collateral kills)
  An adder (D:2)
  A hobgoblin (D:2)
  A ball python (D:2)
  A frilled lizard (D:2)
  A rat (D:2)
5 creatures vanquished.

Vanquished Creatures (others)
  141 foxfires
  4 fungi (D:9)
  5 plants (D:9)
150 creatures vanquished.

Grand Total: 444 creatures vanquished

Notes
Turn   | Place    | Note
-------+----------+-------------------------------------------
     0 | D:1      | pokeman the Deep Elf Hedge Wizard began the quest for the
                  | Orb.
     0 | D:1      | Reached XP level 1. HP: 10/10 MP: 7/7
   367 | D:1      | Reached XP level 2. HP: 16/16 MP: 2/9
   956 | D:1      | Reached skill level 5 in Spellcasting
  1344 | D:1      | Reached XP level 3. HP: 20/20 MP: 9/11
  1348 | D:1      | Learned a level 3 spell: Mephitic Cloud
  1351 | D:1      | Learned a level 2 spell: Call Imp
  1354 | D:1      | Learned a level 2 spell: Blink
  1358 | D:1      | Learned a level 3 spell: Conjure Flame
  1496 | D:2      | Reached skill level 1 in Armour
  1701 | D:2      | Reached skill level 1 in Fighting
  2500 | D:2      | Reached XP level 4. HP: 25/25 MP: 7/13
  2936 | D:2      | Reached skill level 1 in Fire Magic
  3275 | D:2      | Found a faded altar of an unknown god.
  3566 | D:3      | Reached skill level 6 in Spellcasting
  3586 | D:3      | Reached XP level 5. HP: 29/29 MP: 9/15
  3644 | D:3      | Found a stormy altar of Qazlal.
  3715 | D:3      | Found a glowing drain.
  3724 | Sewer    | Entered a sewer
  3960 | Sewer    | Noticed a water moccasin
  3973 | Sewer    | Killed a water moccasin
  3974 | Sewer    | Reached skill level 1 in Air Magic
  4261 | D:3      | Found a blossoming altar of Fedhas.
  4278 | D:3      | Reached XP level 6. HP: 32/34 MP: 11/17
  5326 | D:4      | Noticed a moth of wrath
  5329 | D:4      | Found a bloodstained altar of Trog.
  5349 | D:4      | Reached skill level 7 in Spellcasting
  5787 | D:4      | Reached skill level 1 in Poison Magic
  6104 | D:4      | Noticed Edmund
  6118 | D:4      | Killed Edmund
  6298 | D:4      | Reached XP level 7. HP: 39/39 MP: 16/20
  6489 | D:5      | Entered Level 5 of the Dungeon
  6760 | D:5      | Reached skill level 8 in Spellcasting
  6905 | D:5      | Found a staircase to the Ecumenical Temple.
  6905 | D:5      | Noticed Grinder
  6937 | D:5      | Killed Grinder
  7180 | Temple   | Entered the Ecumenical Temple
  7342 | Temple   | Became a worshipper of Vehumet
  7432 | D:5      | Noticed Sigmund
  7445 | D:5      | Killed Sigmund
  7446 | D:5      | Reached skill level 1 in Evocations
  7593 | D:5      | Reached XP level 8. HP: 33/44 MP: 15/22
  7647 | D:5      | Reached skill level 9 in Spellcasting
  8179 | D:6      | Reached skill level 5 in Conjurations
  8388 | D:6      | Reached skill level 10 in Spellcasting
  8504 | D:6      | Found a glowing silver altar of Zin.
  8610 | D:6      | Found a burning altar of Makhleb.
  8657 | D:7      | Found Zoeqiah's Lightly-Used Armoury.
  8657 | D:7      | Noticed a hornet
  8774 | D:7      | HP: 2/44 [hornet (10)]
  8832 | D:7      | Found a flagged portal.
  8906 | Bailey   | Entered a bailey
  9077 | Bailey   | Reached * piety under Vehumet
  9077 | Bailey   | Offered knowledge of Sandblast by Vehumet.
  9101 | Bailey   | Reached XP level 9. HP: 48/48 MP: 20/25
  9556 | Bailey   | Reached skill level 5 in Fire Magic
  9957 | Bailey   | Reached skill level 11 in Spellcasting
 10151 | Bailey   | Identified the +12 executioner's axe of Temperance {vorpal,
                  | Str+6}
 10154 | Bailey   | Noticed an orc knight
 10155 | Bailey   | Found the +8 glaive of the Guard {elec, spectral, AC+5}
 10719 | Bailey   | Killed an orc knight
 11264 | D:8      | Reached skill level 12 in Spellcasting
 11321 | D:8      | Found a white marble altar of Elyvilon.
 11443 | D:8      | Found a broken altar of Ashenzari.
 11574 | D:8      | Found a sparkling altar of Nemelex Xobeh.
 11667 | D:8      | Reached XP level 10. HP: 56/56 MP: 24/28
 11788 | D:8      | Reached ** piety under Vehumet
 11788 | D:8      | Offered knowledge of Foxfire by Vehumet.
 11791 | D:8      | Learned a level 1 spell: Foxfire
 12006 | D:9      | Noticed a two-headed ogre
 12015 | D:9      | Killed a two-headed ogre
 12071 | D:9      | Noticed Erica
 12087 | D:9      | Killed Erica
 12088 | D:9      | Reached skill level 13 in Spellcasting
 12548 | D:9      | Reached skill level 1 in Earth Magic
 12605 | D:9      | Found a sacrificial altar of Ru.
 12760 | D:9      | Found an ornate altar of the Wu Jian Council.
 12769 | D:9      | Found a shadowy altar of Dithmenos.
 12834 | D:9      | Found a staircase to the Lair.
 13071 | D:10     | Entered Level 10 of the Dungeon
 13164 | D:10     | Noticed a two-headed ogre
 13175 | D:10     | Killed a two-headed ogre
 13176 | D:10     | Reached XP level 11. HP: 35/62 MP: 30/30
 13361 | D:10     | Found an iron altar of Okawaru.
 13376 | D:10     | Noticed Snorg
 13408 | D:10     | Killed Snorg
 13409 | D:10     | Reached skill level 5 in Fighting
 13409 | D:10     | Reached skill level 14 in Spellcasting
 13475 | D:10     | Offered knowledge of Searing Ray by Vehumet.
 13510 | D:10     | Found Plog's General Store.
 13516 | D:10     | Bought a scroll of noise for 17 gold pieces
 13526 | D:10     | Found a portal to a secret trove of treasure.
 13593 | D:10     | Found Idghavisu's Distillery.
 13601 | D:10     | Bought a potion of curing for 42 gold pieces
 13601 | D:10     | Bought a potion of heal wounds for 70 gold pieces
 13602 | D:10     | Upgraded the game from 0.28-a0-10-g964c8b829e to
                  | 0.28-a0-21-gf74fda84f9
 13654 | D:10     | Noticed a two-headed ogre
 13665 | D:10     | Killed a two-headed ogre
 13714 | D:10     | You fall into a shaft and drop 1 floor!
 13815 | D:10     | Noticed a two-headed ogre
 13829 | D:10     | Killed a two-headed ogre
 13898 | D:10     | Reached *** piety under Vehumet
 13938 | D:10     | Found a staircase to the Orcish Mines.
 14134 | D:10     | Found Asereweog's Antique Weapon Shop.
 14205 | D:10     | Noticed a two-headed ogre
 14209 | D:10     | Killed a two-headed ogre
 14285 | D:11     | Found a runed translucent door.
 14289 | D:11     | Noticed Nausicaa's ghost (journeyman MiBe)
 14294 | D:11     | Noticed a skeletal warrior
 14347 | D:11     | Reached skill level 15 in Spellcasting
 14614 | D:11     | Offered knowledge of Fulminant Prism by Vehumet.
 14986 | D:11     | Noticed a two-headed ogre
 14993 | D:11     | Killed a two-headed ogre
 15516 | D:12     | Found Hoagem's Book Emporium.
 15844 | D:12     | Noticed a skeletal warrior
 15862 | D:12     | Killed a skeletal warrior
 15863 | D:12     | Reached XP level 12. HP: 46/68 MP: 26/33
 16002 | D:12     | Reached skill level 5 in Armour
 16145 | D:12     | Reached skill level 16 in Spellcasting
 16444 | D:12     | Noticed a boulder beetle
 16455 | D:12     | Killed a boulder beetle
 16456 | D:12     | Reached skill level 10 in Conjurations
 17056 | D:13     | Noticed a centaur warrior
 17056 | D:13     | Noticed an ogre mage
 17061 | D:13     | Killed a centaur warrior
 17063 | D:13     | Noticed an ogre mage
 17068 | D:13     | Killed from afar by an ogre mage

Illustrated notes

Levels and vault maps discovered:
D:1:      dpeg_arrival_central, layout_basic, minmay_shallow_snake_nest
D:2:      minmay_recursive_quarters, layout_rooms,
          shapermc_ecumenical_altar_mp_vishouse, grunt_decor_clamped,
          minmay_fractal_squares_5
D:3:      layout_loops_cross, amcnicky_altar_gilded, fedhas_altar_2,
          cheibrodos_sewer_entry_bend, minmay_statues_item
D:4:      layout_layer_cave, tgw_trog, uniq_edmund
D:5:      layout_rooms, minmay_temple_entry_stoned_glass,
          hangedman_abyss_or_decor_stagger, kennysheep_cross_room, uniq_grinder,
          uniq_sigmund
D:6:      layout_rooms, lightli_temple_of_fire, mainiacjoe_overflow_tiny_flanked
D:7:      layout_rooms, enter_bailey_2, dk_vineyard_3, minmay_shop_damaged
D:8:      lemuel_ice_spiral_2, layout_basic, cheibrodos_ashenzari_chains,
          nemelex_altar_shiori, overflow_temple_1_default, grunt_decor_fettered
D:9:      layout_roguey, lemuel_crystal_altar, mainiacjoe_overflow_big_doors,
          dpeg_oklobed_lair, chequers_serial_rivers_micro_d, uniq_erica
D:10:     layout_rooms, overflow_temple_1_default, erik_orc_1, serial_shops,
          shop_statue, shop, nicolae_square_shop, nicolae_trove_entry_diagonal,
          serial_bayou_crossing, uniq_snorg
D:11:     layout_basic, ebering_ghost_inner_flame, serial_glass,
          glass_columns_a, glass_columns_b, glass_columns_a
D:12:     layout_small_grid, serial_shops, nicolae_shop_waterfront
D:13:     minmay_curly_fans, layout_rooms, portal_ice_cave_entry_pillars_1
Temple:   dpeg_chambers_temple

Skill      XL: |  1  2  3  4  5  6  7  8  9 10 11 12 |
---------------+-------------------------------------+-----
Spellcasting   | 5 6 7 8 10 12 13 15 16 | 16.4
Armour         | 1 3 4 5 |  5.5
Conjurations   | 2 3 4 5 7 8 9 10 | 10.1
Fighting       | 1 2 3 4 5 |  5.0
Fire Magic     | 1 3 4 6 7 9 |  9.7
Dodging        | 3 |  3.0
Stealth        | 3 |  3.1
Air Magic      | 1 |  1.4
Poison Magic   | 1 |  1.0
Evocations     | 1 |  1.0
Earth Magic    | 1 |  1.1
Summonings     | |  1.1
Translocations | |  1.1

Action                   |  1- 3 |  4- 6 |  7- 9 | 10-12 || total
-------------------------+-------+-------+-------+-------++-------
Melee: Dagger            |     1 |       |     4 |       ||     5
       Flail             |     4 |       |    28 |       ||    32
       War axe           |       |    29 |     7 |       ||    36
       Short sword       |       |    30 |       |       ||    30
       Glaive            |       |       |     7 |   108 ||   115
       Executioner's axe |       |       |     1 |       ||     1
 Cast: Magic Dart        |   122 |   155 |   117 |    10 ||   404
       Call Imp          |     1 |     5 |     5 |       ||    11
       Conjure Flame     |       |     7 |    19 |    55 ||    81
       Mephitic Cloud    |       |     5 |    44 |    31 ||    80
       Blink             |       |     1 |     3 |     2 ||     6
       Foxfire           |       |       |       |    80 ||    80
Evoke: Wand              |       |       |     2 |     3 ||     5
  Use: Scroll            |       |       |       |     2 ||     2
 Stab: Confused          |       |     5 |     6 |     5 ||    16
       Sleeping          |       |     2 |     1 |     2 ||     5
       Distracted        |       |     1 |       |     1 ||     2
Armor: Robe              |     4 |       |       |       ||     4
       Leather armour    |       |    23 |    17 |       ||    40
       Steam dragon scal |       |       |     4 |    31 ||    35
Dodge: Dodged            |    15 |    52 |    45 |    26 ||   138
Block: Other             |       |       |     2 |     6 ||     8
       Reflection        |       |       |     1 |       ||     1

Table legend: (Time is in decaauts)
 A = Elapsed time spent in this place.
 B = Non-inter-level travel time spent in this place.
 C = Inter-level travel time spent in this place.
 D = Time resting spent in this place.
 E = Time spent auto-exploring this place.
 F = Levels seen in this place.
 G = Mean time per level.
                   A        B        C        D        E       F      G
               +--------+--------+--------+--------+--------+-----+--------+
         Total |  17226 |  16439 |    787 |   1717 |  11840 |  16 | 1076.6 |
       Dungeon |  14745 |  14008 |    737 |    860 |  10808 |  13 | 1134.2 |
        Temple |    243 |    194 |     49 |      0 |    156 |   1 |  243.0 |
         Sewer |    356 |    356 |      0 |      0 |    275 |   1 |  356.0 |
        Bailey |   1880 |   1880 |      0 |    857 |    600 |   1 | 1880.0 |
               +--------+--------+--------+--------+--------+-----+--------+

Top non-repeatable levels by time:
     D:1: 2026 daAuts
  Bailey: 1880 daAuts
     D:4: 1666 daAuts
     D:2: 1476 daAuts
    D:12: 1356 daAuts
     D:5: 1318 daAuts
    D:10: 1217 daAuts
    D:11: 1209 daAuts
     D:9: 1142 daAuts
     D:3: 1003 daAuts
     D:8: 953 daAuts
     D:6: 737 daAuts
     D:7: 586 daAuts
   Sewer: 356 daAuts
  Temple: 243 daAuts
